 Dungeon Crawl Stone Soup version 0.19-a0-823-gd955774 (webtiles) character file.

21 FrankyJ the Sneak (level 2, -1/22 HPs)
             Began as a Demonspawn Assassin on June 29, 2016.
             Slain by a gnoll
             ... wielding a +0 whip
              (5 damage)
             ... on level 1 of the Dungeon.
             The game lasted 00:02:33 (373 turns).

FrankyJ the Sneak (Demonspawn Assassin)              Turns: 373, Time: 00:02:34

Health: -1/22      AC:  3    Str: 11    XL:     2   Next: 62%
Magic:  2/2        EV: 12    Int: 12    God:
Gold:   0          SH:  0    Dex: 14    Spells: 0 memorised, 1 level left

rFire  . . .     SeeInvis .     a - +2 dagger
rCold  . . .     Gourm    .     c - +0 robe
rNeg   . . .     Faith    .     (no shield)
rPois  .         Spirit   .     (no helmet)
rElec  .         Dismiss  .     d - +0 cloak
rCorr  .         Reflect  .     (no gloves)
SustAt .         Harm     .     (no boots)
MR     .....                    (no amulet)
Stlth  ++++......               (no ring)
                                (no ring)

@: not resistant to hostile enchantments, stealthy
A: nightstalker 1
a: no special abilities


You were on level 1 of the Dungeon.
You were not hungry.

You visited 1 branch of the dungeon, and saw 1 of its levels.

Inventory:

Hand Weapons
 a - a +2 dagger (weapon)
 b - a +0 blowgun
Missiles
 e - 7 poisoned needles
 f - 2 curare-tipped needles
Armour
 c - a +0 robe (worn)
 d - a +0 cloak (worn)
Scrolls
 i - a scroll of enchant armour {unknown}
Comestibles
 g - a bread ration
 h - 5 chunks of flesh


   Skills:
 - Level 2.0 Fighting
 + Level 2.1 Short Blades
 + Level 1.8 Throwing
 + Level 1.0 Dodging
 + Level 4.2 Stealth


You had one spell level left.
You didn't know any spells.

Dungeon Overview and Level Annotations

Branches:
Dungeon (1/15)

Altars:


Innate Abilities, Weirdness & Mutations

You are slightly more attuned to the shadows.


Message History

Found 3 scrolls labeled WEEXANOKHE.
You see here 3 scrolls labeled WEEXANOKHE.
Wield which item (- for none, * to show all)? (? for menu, Esc to quit)
b - a +0 blowgun (weapon)
The gnoll hits you with a whip.
Firing (i - inventory. (,) - cycle):
e - 8 poisoned needles (quivered)
Press: ? - help, Shift-Dir - straight line, f - gnoll
Aim: a gnoll, wielding a whip You shoot a poisoned needle.
The poisoned needle hits the gnoll.
The gnoll is poisoned.
The gnoll barely misses you.
Wield which item (- for none, * to show all)? (? for menu, Esc to quit)
a - a +2 dagger (weapon)
You hit the gnoll but do no damage.
The gnoll is lightly wounded.
The gnoll hits you with a whip!
* * * LOW HITPOINT WARNING * * *
You hit the gnoll.
The gnoll is moderately wounded.
The gnoll hits you with a whip.
You die...

...........########
...................
.........†........
.........###.....
#......###..... .
####h............. ..
#..h.............. ...
#.###h............ ....
#@#.............#.
.....#g#hg...........##
.....hh#....##.......#
......g............###
...................####
...................#...
...................#...
.....###....##.....#...
..... #....##.....#...


You could see a gnoll, 2 jackals and a goblin.

Vanquished Creatures
  A gnoll (D:1)
  A dart slug (D:1)
  A giant gecko (D:1)
  A giant cockroach (D:1)
  2 jackals (D:1)
  A giant newt (D:1)
  2 rats (D:1)
9 creatures vanquished.

Notes
Turn   | Place    | Note
--------------------------------------------------------------
     0 | D:1      | FrankyJ the Demonspawn Assassin began the quest for the Orb.
     0 | D:1      | Reached XP level 1. HP: 16/16 MP: 1/1
     2 | D:1      | Noticed a vampire
     2 | D:1      | Noticed a draconian
     4 | D:1      | Noticed a naga
     4 | D:1      | Noticed a tengu
     6 | D:1      | Noticed a vine stalker
     8 | D:1      | Noticed a minotaur
     8 | D:1      | Noticed a troll
    10 | D:1      | Noticed a human
    10 | D:1      | Noticed a demigod
    12 | D:1      | Noticed an ogre
    12 | D:1      | Noticed a spriggan
    14 | D:1      | Noticed a demonspawn
    14 | D:1      | Noticed an elf
    16 | D:1      | Noticed a merfolk
    16 | D:1      | Noticed a dwarf
    18 | D:1      | Noticed a centaur
    18 | D:1      | Noticed a ghoul
    20 | D:1      | Noticed a felid
    22 | D:1      | Noticed an octopode
    22 | D:1      | Noticed a gargoyle
    24 | D:1      | Noticed a halfling
    26 | D:1      | Noticed a formicid
    68 | D:1      | Reached skill level 4 in Stealth
    68 | D:1      | Gained mutation: You are slightly more attuned to the shadows. [demonic ancestry]
    68 | D:1      | Reached XP level 2. HP: 11/22 MP: 2/2
   240 | D:1      | Reached skill level 1 in Dodging
   373 | D:1      | Slain by a gnoll

Vault maps used:
D:1:      kb_arrival_jail, minmay_pentomino_u2

Skill      XL: |  1  2 |
---------------+-------+-----
Short Blades   | 2 |  2.1
Stealth        | 4 |  4.2
Dodging        | 1 |  1.0
Fighting       | |  2.0
Throwing       | |  1.8

Action                   || total
-------------------------++-------
Melee: Dagger            ||    34
 Fire: Blowgun           ||     1
 Stab: Sleeping          ||     3
Armor: Robe              ||     7
Dodge: Dodged            ||    22
